Devils vs Canucks

Created - 8 avril 2019 at 20:53

Goals
1 2 3 T
Devils 1 1 0 2
Canucks 0 2 1 3
Shots
1 2 3 T
Devils 8 7 5 20
Canucks 5 9 13 27

1st period

1. Devils , Bo Horvat 37 (Shayne Gostisbehere 62) at 9:58

Penalties :
Erik Karlsson (VAN) for Hooking (Minor) at 3:24

2nd period

2. Canucks , Charlie Coyle 19 (Ryan OReilly 22, Brandon Montour 26) at 5:25
3. Canucks , Brayden Point 33 (Dustin Brown 34, Tyson Barrie 37) at 12:19
4. Devils , Sam Reinhart 26 (Shayne Gostisbehere 63, Bo Horvat 39) at 16:38

Penalties :
No Penalty

3rd period

5. Canucks , Ryan OReilly 25 (Dustin Brown 35, Brayden Point 32) at 4:38 (PP)

Penalties :
Eric Fehr (NJD) for Hooking (Minor) at 4:20, Chris Kreider (NJD) for Hooking (Minor) at 12:39

Goalie Stats

Marc-Andre Fleury (NJD), 24 saves from 27 shots - (0.889), L, 43-28-4, 60:00 minutes
Braden Holtby (VAN), 18 saves from 20 shots - (0.900), W, 34-26-4, 60:00 minutes

Players Stats for Devils

Player Name              G  A  P  +/- PIM S  H  SB GA TA FO     MP     PP MP  PK MP  
------------------------------------------------------------------------------------
Antoine Vermette         0  0  0   1  0   0  2  0  0  0  0/0    15:23   0:00   0:00 
Anton Stralman           0  0  0   1  0   0  1  0  0  0  0/0    20:56   1:11   1:23 
Bo Horvat                1  1  2   1  0   2  1  1  0  0  7/15   18:07   1:01   1:43 
Chris Kreider            0  0  0   0  2   4  2  0  0  0  0/2    18:43   0:00   0:00 
Darren Helm              0  0  0  -1  0   1  1  0  0  0  2/11    8:21   0:00   0:00 
Eric Fehr                0  0  0   0  2   0  0  0  0  0  0/1    14:12   0:00   0:33 
Jordan Staal             0  0  0   0  0   0  2  0  0  0  6/17   15:14   1:01   0:33 
Justin Schultz           0  0  0   0  0   2  1  0  0  0  0/0    20:27   0:48   0:54 
Kevin Hayes              0  0  0   0  0   3  0  0  0  0  1/5    20:54   0:58   1:12 
Mike Cammalleri          0  0  0  -1  0   0  0  0  0  0  0/0     7:57   0:00   0:00 
Nicklas Backstrom        0  0  0   0  0   3  2  0  0  0  12/27  20:15   0:58   0:33 
Pavel Zacha              0  0  0   0  0   0  0  1  0  0  0/0    14:38   0:58   0:00 
Ryan Pulock              0  0  0   0  0   0  2  0  0  0  0/0    17:38   0:48   0:54 
Sam Reinhart             1  0  1   1  0   2  0  0  0  0  1/2    16:24   1:01   0:00 
Shayne Gostisbehere      0  2  2   1  0   2  3  2  0  0  0/0    23:45   1:11   1:23 
Steven Santini           0  0  0  -1  0   0  5  3  0  0  0/0    18:13   0:00   0:00 
Tim Heed                 0  0  0  -1  0   0  0  0  0  0  0/0    18:13   0:00   0:00 
Vinnie Hinostroza        0  0  0  -1  0   1  0  0  0  0  0/0     8:21   0:00   0:00 

Players Stats for Canucks

Player Name              G  A  P  +/- PIM S  H  SB GA TA FO     MP     PP MP  PK MP  
------------------------------------------------------------------------------------
Aaron Ekblad             0  0  0   0  0   2  0  2  0  0  0/0    20:05   0:00   1:13 
Alex Petrovic            0  0  0   0  0   0  0  0  0  0  0/0     0:59   0:00   0:00 
Alex Pietrangelo         0  0  0   0  0   1  1  2  0  0  0/0    25:11   1:00   1:13 
Anthony Beauvillier      0  0  0  -1  0   2  0  0  0  0  0/0    15:39   0:00   0:45 
Blake Coleman            0  0  0  -1  0   3  1  0  0  0  12/23  16:01   0:00   1:07 
Bobby Ryan               0  0  0  -1  0   1  2  1  0  0  1/2    15:43   0:42   0:07 
Brandon Montour          0  1  1  -1  0   0  3  0  0  0  0/0    14:10   0:00   0:46 
Brayden Point            1  1  2   1  0   3  0  0  0  0  17/21  20:54   1:35   0:00 
Brenden Dillon           0  0  0   0  0   0  0  0  0  0  0/0     0:00   0:00   0:00 
Charlie Coyle            1  0  1   0  0   3  3  0  0  0  0/1    18:58   0:42   1:07 
Dustin Brown             0  2  2   1  0   4  5  2  0  0  2/3    19:55   1:35   0:00 
Erik Karlsson            0  0  0   1  2   1  3  0  0  0  0/0    23:45   1:17   0:00 
Jared McCann             0  0  0   0  0   0  1  0  0  0  2/6     6:00   0:00   0:39 
Mike Hoffman             0  0  0   1  0   2  1  0  0  0  2/2    19:20   1:00   0:00 
Ryan OReilly             1  1  2   0  0   3  0  0  0  0  3/5    23:19   1:35   0:13 
Tyson Barrie             0  1  1   1  0   0  1  3  0  0  0/0    20:39   1:17   0:00 
Vince Dunn               0  0  0  -1  0   0  0  0  0  0  0/0    14:10   0:00   0:46 
William Karlsson         0  0  0   0  0   2  0  0  0  0  12/17  23:12   0:42   0:00 

3 Stars

1 - Dustin Brown (VAN)
2 - Brayden Point (VAN)
3 - Bo Horvat (NJD)

Power Play

Devils - 0 on 1 Attempt(s) - 0.00%
Canucks - 1 on 2 Attempt(s) - 50.00%

Penalty Kill

Devils - 1 on 2 Attempt(s) - 50.00% - Score 0 goal in Penalty Kill
Canucks - 1 on 1 Attempt(s) - 100.00% - Score 0 goal in Penalty Kill

Team Stat

Devils - Hits : 22 - Faceoff Wins : 29 - Blocked Shots : 7 - Penalty Minutes : 4
Canucks - Hits : 21 - Faceoff Wins : 51 - Blocked Shots : 10 - Penalty Minutes : 2

Official

Referees : Jacob Brenk and Chris Lee
Linesman : Matt MacPherson and Jay Sharrers

Game Notes

No Game Note

Finance

Level 1 -- Attendance: 5951 (91.55%) -- Ticket Income 654 610 $
Level 2 -- Attendance: 5000 (100.00%) -- Ticket Income 375 000 $
Level 3 -- Attendance: 3323 (94.94%) -- Ticket Income 182 765 $
Level 4 -- Attendance: 2481 (85.26%) -- Ticket Income 99 240 $
Luxury Box -- Attendance: 1000 (100.00%) -- Ticket Income 199 000 $
Game was played at the Rogers Arena.
Total Attendance: 17755 (93.89%)
Total Ticket Income: 1 510 615 $
Other Income: 740 201 $
Total Income: 2 250 816 $

% Time on Ice - Devils

Lines # - Real PCT - Wanted PCT - Time Play
Normal Forward
1 - 33% - 40% - 17:53
2 - 28% - 30% - 15:23
3 - 25% - 20% - 13:40
4 - 14% - 10% - 7:57
Normal Defense
1 - 33% - 40% - 17:55
2 - 29% - 30% - 15:56
3 - 33% - 20% - 18:13
4 - 5% - 10% - 2:49
PP Forward
1 - 49% - 60% - 0:58
2 - 51% - 40% - 1:01
PP Defense
1 - 60% - 60% - 1:11
2 - 40% - 40% - 0:48
PK Forward
1 - 76% - 60% - 1:44
2 - 24% - 40% - 0:33
PK Defense
1 - 61% - 60% - 1:23
2 - 39% - 40% - 0:54
PK3 Forward
1 - 0% - 60%
2 - 0% - 40%
PK3 Defense
1 - 0% - 60%
2 - 0% - 40%
44 Forward
1 - 0% - 60%
2 - 0% - 40%
44 Defense
1 - 0% - 60%
2 - 0% - 40%
Last Minute Offensive  - 0:51
Last Minute Defensive  - 0:00
Total
Forward - 60:00
Defense - 60:00

% Time on Ice - Canucks

Lines # - Real PCT - Wanted PCT - Time Play
Normal Forward
1 - 33% - 34% - 18:20
2 - 30% - 34% - 16:10
3 - 27% - 24% - 14:54
4 - 10% - 8% - 5:21
Normal Defense
1 - 34% - 35% - 18:52
2 - 35% - 35% - 19:22
3 - 24% - 21% - 13:24
4 - 6% - 9% - 3:07
PP Forward
1 - 69% - 60% - 1:35
2 - 31% - 40% - 0:42
PP Defense
1 - 56% - 60% - 1:17
2 - 44% - 40% - 1:00
PK Forward
1 - 67% - 60% - 1:20
2 - 33% - 40% - 0:39
PK Defense
1 - 61% - 60% - 1:13
2 - 39% - 40% - 0:46
PK3 Forward
1 - 0% - 50%
2 - 0% - 50%
PK3 Defense
1 - 0% - 50%
2 - 0% - 50%
44 Forward
1 - 0% - 50%
2 - 0% - 50%
44 Defense
1 - 0% - 60%
2 - 0% - 40%
Last Minute Offensive  - 0:00
Last Minute Defensive  - 0:59
Total
Forward - 60:00
Defense - 60:00

Play-by-Play

1st period


0:01 of 1st period - Brayden Point wins face-off versus Nicklas Backstrom in neutral zone.
0:01 of 1st period - Mike Hoffman is hit by Chris Kreider and loses puck.
0:53 of 1st period - Off-side.
0:54 of 1st period - William Karlsson wins face-off versus Eric Fehr in neutral zone.
1:31 of 1st period - Shot by Pavel Zacha.
1:31 of 1st period - Shot Misses the Net.
1:34 of 1st period - Pavel Zacha is hit by Erik Karlsson and loses puck.
2:30 of 1st period - Icing by Anton Stralman.
2:31 of 1st period - Darren Helm wins face-off versus Brayden Point in Devils zone.
2:39 of 1st period - Icing by Alex Pietrangelo.
2:40 of 1st period - Mike Hoffman wins face-off versus Nicklas Backstrom in Canucks zone.
2:40 of 1st period - Mike Hoffman is hit by Nicklas Backstrom.
2:56 of 1st period - Shot by Shayne Gostisbehere.
2:56 of 1st period - Stopped by Braden Holtby without a rebound.
2:57 of 1st period - Blake Coleman wins face-off versus Darren Helm in Canucks zone.
3:06 of 1st period - Shot by Blake Coleman.
3:06 of 1st period - Stopped by Marc-Andre Fleury without a rebound.
3:07 of 1st period - Brayden Point wins face-off versus Nicklas Backstrom in Devils zone.
3:19 of 1st period - Off-side.
3:20 of 1st period - Sam Reinhart wins face-off versus Blake Coleman in neutral zone.
3:24 of 1st period - Minor Penalty to Erik Karlsson for Hooking.
3:25 of 1st period - Nicklas Backstrom wins face-off versus Blake Coleman in Canucks zone.
3:34 of 1st period - Shot by Nicklas Backstrom.
3:34 of 1st period - Stopped by Braden Holtby without a rebound.
3:35 of 1st period - Blake Coleman wins face-off versus Bo Horvat in Canucks zone.
3:46 of 1st period - Shot by Sam Reinhart.
3:46 of 1st period - Shot Misses the Net.
3:48 of 1st period - Shot by Shayne Gostisbehere.
3:48 of 1st period - Shot Blocked by Alex Pietrangelo.
4:02 of 1st period - Shot by Sam Reinhart.
4:02 of 1st period - Shot Misses the Net.
5:26 of 1st period - Shot by Darren Helm.
5:26 of 1st period - Stopped by Braden Holtby without a rebound.
5:27 of 1st period - Brayden Point wins face-off versus Darren Helm in Canucks zone.
6:52 of 1st period - Icing by Aaron Ekblad.
6:53 of 1st period - Nicklas Backstrom wins face-off versus Blake Coleman in Canucks zone.
7:45 of 1st period - Pavel Zacha is hit by Bobby Ryan and loses puck.
8:36 of 1st period - Shot by Charlie Coyle.
8:36 of 1st period - Stopped by Marc-Andre Fleury without a rebound.
8:37 of 1st period - Brayden Point wins face-off versus Sam Reinhart in Devils zone.
8:48 of 1st period - Icing by Dustin Brown.
8:49 of 1st period - Brayden Point wins face-off versus Nicklas Backstrom in Canucks zone.
9:08 of 1st period - Shot by Kevin Hayes.
9:08 of 1st period - Shot Misses the Net.
9:29 of 1st period - Shot by Chris Kreider.
9:29 of 1st period - Shot Misses the Net.
9:40 of 1st period - Off-side.
9:41 of 1st period - William Karlsson wins face-off versus Bo Horvat in neutral zone.
9:58 of 1st period - Shot by Bo Horvat.
9:58 of 1st period - Goal by Bo Horvat - Devils : 1 - Canucks : 0.
9:59 of 1st period - Blake Coleman wins face-off versus Jordan Staal in neutral zone.
10:17 of 1st period - Shot by Anthony Beauvillier.
10:17 of 1st period - Shot Blocked by Pavel Zacha.
10:38 of 1st period - Icing by Steven Santini.
10:39 of 1st period - William Karlsson wins face-off versus Jordan Staal in Devils zone.
10:46 of 1st period - Shot by Ryan OReilly.
10:46 of 1st period - Shot Misses the Net.
11:23 of 1st period - Icing by Tim Heed.
11:24 of 1st period - Brayden Point wins face-off versus Jordan Staal in Devils zone.
12:27 of 1st period - Icing by Jordan Staal.
12:28 of 1st period - Jordan Staal wins face-off versus Jared McCann in Devils zone.
12:45 of 1st period - Shot by William Karlsson.
12:45 of 1st period - Shot Misses the Net.
13:11 of 1st period - Icing by Ryan OReilly.
13:12 of 1st period - Jared McCann wins face-off versus Nicklas Backstrom in Canucks zone.
13:27 of 1st period - Kevin Hayes is hit by Jared McCann and loses puck.
13:56 of 1st period - Shot by Anthony Beauvillier.
13:56 of 1st period - Deflect By Bobby Ryan.
13:56 of 1st period - Shot Misses the Net.
13:58 of 1st period - Shot by Blake Coleman.
13:58 of 1st period - Shot Misses the Net.
14:00 of 1st period - Shot by Alex Pietrangelo.
14:00 of 1st period - Stopped by Marc-Andre Fleury with a rebound.
14:02 of 1st period - Shot by Blake Coleman.
14:02 of 1st period - Shot Blocked by Shayne Gostisbehere.
14:43 of 1st period - Bo Horvat is hit by Dustin Brown and loses puck.
14:48 of 1st period - Justin Schultz is hit by Dustin Brown and loses puck.
15:01 of 1st period - Shot by Sam Reinhart.
15:01 of 1st period - Stopped by Braden Holtby without a rebound.
15:02 of 1st period - Darren Helm wins face-off versus William Karlsson in Canucks zone.
16:16 of 1st period - Antoine Vermette is hit by Charlie Coyle and loses puck.
16:43 of 1st period - Shot by Chris Kreider.
16:43 of 1st period - Shot Misses the Net.
16:45 of 1st period - Shot by Nicklas Backstrom.
16:45 of 1st period - Shot Blocked by Dustin Brown.
16:47 of 1st period - Shot by Darren Helm.
16:47 of 1st period - Shot Hit the Post.
16:49 of 1st period - Shot by Kevin Hayes.
16:49 of 1st period - Stopped by Braden Holtby without a rebound.
16:50 of 1st period - Nicklas Backstrom wins face-off versus Blake Coleman in Canucks zone.
16:55 of 1st period - Shot by Chris Kreider.
16:55 of 1st period - Deflect By Nicklas Backstrom.
16:55 of 1st period - Stopped by Braden Holtby without a rebound.
16:56 of 1st period - Blake Coleman wins face-off versus Nicklas Backstrom in Canucks zone.
16:58 of 1st period - Icing by Bobby Ryan.
16:59 of 1st period - Nicklas Backstrom wins face-off versus Blake Coleman in Canucks zone.
17:04 of 1st period - Shot by Chris Kreider.
17:04 of 1st period - Stopped by Braden Holtby without a rebound.
17:05 of 1st period - Brayden Point wins face-off versus Bo Horvat in Canucks zone.
17:18 of 1st period - Shot by Sam Reinhart.
17:18 of 1st period - Shot Hit the Post.
17:20 of 1st period - Shot by Bo Horvat.
17:20 of 1st period - Shot Blocked by Aaron Ekblad.
17:22 of 1st period - Shot by Antoine Vermette.
17:22 of 1st period - Shot Misses the Net.
17:24 of 1st period - Shot by Antoine Vermette.
17:24 of 1st period - Shot Misses the Net.
18:11 of 1st period - Anthony Beauvillier is hit by Shayne Gostisbehere.
19:07 of 1st period - Ryan OReilly is hit by Ryan Pulock and loses puck.
19:13 of 1st period - Ryan OReilly is hit by Ryan Pulock and loses puck.
19:18 of 1st period - Shot by Ryan OReilly.
19:18 of 1st period - Stopped by Marc-Andre Fleury without a rebound.
19:19 of 1st period - Mike Hoffman wins face-off versus Jordan Staal in Devils zone.
19:30 of 1st period - Shot by Dustin Brown.
19:30 of 1st period - Stopped by Marc-Andre Fleury without a rebound.
19:31 of 1st period - Jordan Staal wins face-off versus Ryan OReilly in Devils zone.
Goals for this period are 1 for Devils vs 0 for Canucks.
Shots for this period are 8 for Devils vs 5 for Canucks.

2nd period


0:01 of 2nd period - Nicklas Backstrom wins face-off versus William Karlsson in neutral zone.
1:51 of 2nd period - Icing by Dustin Brown.
1:52 of 2nd period - Dustin Brown wins face-off versus Darren Helm in Canucks zone.
3:34 of 2nd period - Icing by Alex Pietrangelo.
3:35 of 2nd period - William Karlsson wins face-off versus Nicklas Backstrom in Canucks zone.
3:52 of 2nd period - Off-side.
3:53 of 2nd period - Blake Coleman wins face-off versus Bo Horvat in neutral zone.
3:57 of 2nd period - Off-side.
3:58 of 2nd period - Brayden Point wins face-off versus Nicklas Backstrom in neutral zone.
4:12 of 2nd period - Justin Schultz is hit by Tyson Barrie and loses puck.
4:23 of 2nd period - Shot by Chris Kreider.
4:23 of 2nd period - Shot Blocked by Tyson Barrie.
4:58 of 2nd period - Anthony Beauvillier is hit by Antoine Vermette and loses puck.
5:09 of 2nd period - Shot by Sam Reinhart.
5:09 of 2nd period - Shot Misses the Net.
5:11 of 2nd period - Shot by Bo Horvat.
5:11 of 2nd period - Shot Misses the Net.
5:13 of 2nd period - Shot by Anton Stralman.
5:13 of 2nd period - Shot Blocked by Bobby Ryan.
5:15 of 2nd period - Shot by Shayne Gostisbehere.
5:15 of 2nd period - Stopped by Braden Holtby without a rebound.
5:16 of 2nd period - William Karlsson wins face-off versus Darren Helm in Canucks zone.
5:25 of 2nd period - Shot by Charlie Coyle.
5:25 of 2nd period - Goal by Charlie Coyle - Devils : 1 - Canucks : 1.
5:26 of 2nd period - Jordan Staal wins face-off versus Jared McCann in neutral zone.
6:31 of 2nd period - Off-side.
6:32 of 2nd period - Nicklas Backstrom wins face-off versus Blake Coleman in neutral zone.
6:41 of 2nd period - Shot by Chris Kreider.
6:41 of 2nd period - Shot Misses the Net.
6:55 of 2nd period - Justin Schultz is hit by Bobby Ryan and loses puck.
7:21 of 2nd period - Off-side.
7:22 of 2nd period - Brayden Point wins face-off versus Bo Horvat in neutral zone.
8:34 of 2nd period - William Karlsson is hit by Darren Helm.
9:02 of 2nd period - Shot by William Karlsson.
9:02 of 2nd period - Stopped by Marc-Andre Fleury without a rebound.
9:03 of 2nd period - Blake Coleman wins face-off versus Nicklas Backstrom in Devils zone.
9:32 of 2nd period - Shot by Nicklas Backstrom.
9:32 of 2nd period - Shot Blocked by Tyson Barrie.
9:34 of 2nd period - Shot by Justin Schultz.
9:34 of 2nd period - Stopped by Braden Holtby with a rebound.
9:38 of 2nd period - Shot by Chris Kreider.
9:38 of 2nd period - Stopped by Braden Holtby without a rebound.
9:39 of 2nd period - Bo Horvat wins face-off versus Jared McCann in Canucks zone.
9:44 of 2nd period - Shot by Sam Reinhart.
9:44 of 2nd period - Shot Misses the Net.
10:04 of 2nd period - Shot by Aaron Ekblad.
10:04 of 2nd period - Stopped by Marc-Andre Fleury without a rebound.
10:05 of 2nd period - Brayden Point wins face-off versus Darren Helm in Devils zone.
10:32 of 2nd period - Shot by Brayden Point.
10:32 of 2nd period - Stopped by Marc-Andre Fleury without a rebound.
10:33 of 2nd period - William Karlsson wins face-off versus Nicklas Backstrom in Devils zone.
10:45 of 2nd period - Shot by Ryan OReilly.
10:45 of 2nd period - Shot Misses the Net.
10:59 of 2nd period - Shot by Chris Kreider.
10:59 of 2nd period - Shot Misses the Net.
11:29 of 2nd period - Anton Stralman is hit by Charlie Coyle and loses puck.
12:01 of 2nd period - Shot by Brayden Point.
12:01 of 2nd period - Shot Misses the Net.
12:03 of 2nd period - Shot by Erik Karlsson.
12:03 of 2nd period - Stopped by Marc-Andre Fleury with a rebound.
12:11 of 2nd period - Shot by Mike Hoffman.
12:11 of 2nd period - Shot Blocked by Bo Horvat.
12:15 of 2nd period - Shot by Brayden Point.
12:15 of 2nd period - Deflect By Dustin Brown.
12:15 of 2nd period - Shot Misses the Net.
12:17 of 2nd period - Shot by Brayden Point.
12:17 of 2nd period - Shot Misses the Net.
12:19 of 2nd period - Shot by Brayden Point.
12:19 of 2nd period - Goal by Brayden Point - Devils : 1 - Canucks : 2.
12:20 of 2nd period - Bobby Ryan wins face-off versus Jordan Staal in neutral zone.
12:22 of 2nd period - Brandon Montour is hit by Steven Santini and loses puck.
12:25 of 2nd period - Shot by Bobby Ryan.
12:25 of 2nd period - Stopped by Marc-Andre Fleury without a rebound.
12:26 of 2nd period - Blake Coleman wins face-off versus Jordan Staal in Devils zone.
12:54 of 2nd period - Anthony Beauvillier is hit by Steven Santini.
14:10 of 2nd period - Icing by Steven Santini.
14:11 of 2nd period - Brayden Point wins face-off versus Jordan Staal in Devils zone.
14:24 of 2nd period - Shot by Brayden Point.
14:24 of 2nd period - Shot Misses the Net.
14:26 of 2nd period - Shot by Aaron Ekblad.
14:26 of 2nd period - Shot Blocked by Steven Santini.
14:30 of 2nd period - Shot by Brayden Point.
14:30 of 2nd period - Shot Blocked by Steven Santini.
14:32 of 2nd period - Shot by Brayden Point.
14:32 of 2nd period - Shot Blocked by Steven Santini.
14:34 of 2nd period - Shot by Mike Hoffman.
14:34 of 2nd period - Stopped by Marc-Andre Fleury without a rebound.
14:35 of 2nd period - Blake Coleman wins face-off versus Chris Kreider in Devils zone.
14:59 of 2nd period - Shot by Nicklas Backstrom.
14:59 of 2nd period - Deflect By Chris Kreider.
14:59 of 2nd period - Shot Misses the Net.
15:09 of 2nd period - Shot by Chris Kreider.
15:09 of 2nd period - Stopped by Braden Holtby without a rebound.
15:10 of 2nd period - William Karlsson wins face-off versus Bo Horvat in Canucks zone.
15:35 of 2nd period - Shot by Aaron Ekblad.
15:35 of 2nd period - Shot Misses the Net.
15:37 of 2nd period - Shot by Alex Pietrangelo.
15:37 of 2nd period - Shot Hit the Post.
15:39 of 2nd period - Shot by Charlie Coyle.
15:39 of 2nd period - Stopped by Marc-Andre Fleury without a rebound.
15:40 of 2nd period - Brayden Point wins face-off versus Darren Helm in Devils zone.
16:13 of 2nd period - Shot by Vinnie Hinostroza.
16:13 of 2nd period - Stopped by Braden Holtby without a rebound.
16:14 of 2nd period - William Karlsson wins face-off versus Chris Kreider in Canucks zone.
16:14 of 2nd period - William Karlsson is hit by Chris Kreider.
16:32 of 2nd period - Shot by Chris Kreider.
16:32 of 2nd period - Stopped by Braden Holtby without a rebound.
16:33 of 2nd period - Bo Horvat wins face-off versus Blake Coleman in Canucks zone.
16:38 of 2nd period - Shot by Sam Reinhart.
16:38 of 2nd period - Goal by Sam Reinhart - Devils : 2 - Canucks : 2.
16:39 of 2nd period - Nicklas Backstrom wins face-off versus William Karlsson in neutral zone.
16:39 of 2nd period - Nicklas Backstrom is hit by Charlie Coyle.
16:56 of 2nd period - Nicklas Backstrom is hit by Erik Karlsson and loses puck.
17:48 of 2nd period - Shayne Gostisbehere is hit by Dustin Brown and loses puck.
17:59 of 2nd period - Shot by Bo Horvat.
17:59 of 2nd period - Shot Blocked by Dustin Brown.
18:12 of 2nd period - Icing by Antoine Vermette.
18:13 of 2nd period - Bo Horvat wins face-off versus Blake Coleman in Devils zone.
18:50 of 2nd period - Anthony Beauvillier is hit by Steven Santini and loses puck.
19:10 of 2nd period - Icing by Alex Pietrangelo.
19:11 of 2nd period - Jordan Staal wins face-off versus Jared McCann in Canucks zone.
19:23 of 2nd period - Shot by Eric Fehr.
19:23 of 2nd period - Shot Blocked by Alex Pietrangelo.
Goals for this period are 1 for Devils vs 2 for Canucks.
Shots for this period are 7 for Devils vs 9 for Canucks.

3rd period


0:01 of 3rd period - Nicklas Backstrom wins face-off versus Charlie Coyle in neutral zone.
0:11 of 3rd period - Charlie Coyle is hit by Anton Stralman and loses puck.
0:25 of 3rd period - Icing by Anton Stralman.
0:26 of 3rd period - Nicklas Backstrom wins face-off versus Brayden Point in Devils zone.
0:26 of 3rd period - Nicklas Backstrom is hit by Mike Hoffman.
1:52 of 3rd period - Shot by Ryan OReilly.
1:52 of 3rd period - Stopped by Marc-Andre Fleury with a rebound.
2:14 of 3rd period - Sam Reinhart is hit by Brandon Montour and loses puck.
2:22 of 3rd period - Icing by Vince Dunn.
2:23 of 3rd period - Blake Coleman wins face-off versus Darren Helm in Canucks zone.
3:36 of 3rd period - Shot by Dustin Brown.
3:36 of 3rd period - Stopped by Marc-Andre Fleury without a rebound.
3:37 of 3rd period - William Karlsson wins face-off versus Jordan Staal in Devils zone.
3:44 of 3rd period - Erik Karlsson is hit by Jordan Staal and loses puck.
3:48 of 3rd period - Tyson Barrie is hit by Jordan Staal and loses puck.
4:18 of 3rd period - Jordan Staal is hit by Erik Karlsson and loses puck.
4:20 of 3rd period - Minor Penalty to Eric Fehr for Hooking.
4:21 of 3rd period - Kevin Hayes wins face-off versus Ryan OReilly in Devils zone.
4:38 of 3rd period - Shot by Ryan OReilly.
4:38 of 3rd period - Goal by Ryan OReilly - Devils : 2 - Canucks : 3.
4:39 of 3rd period - Brayden Point wins face-off versus Darren Helm in neutral zone.
4:41 of 3rd period - Alex Pietrangelo is hit by Justin Schultz.
4:49 of 3rd period - Off-side.
4:50 of 3rd period - Nicklas Backstrom wins face-off versus Bobby Ryan in neutral zone.
5:13 of 3rd period - Shot by Blake Coleman.
5:13 of 3rd period - Stopped by Marc-Andre Fleury without a rebound.
5:14 of 3rd period - Bo Horvat wins face-off versus Brayden Point in Devils zone.
5:31 of 3rd period - Icing by Sam Reinhart.
5:32 of 3rd period - Bo Horvat wins face-off versus William Karlsson in Devils zone.
6:39 of 3rd period - Shot by Brayden Point.
6:39 of 3rd period - Shot Misses the Net.
6:41 of 3rd period - Shot by Aaron Ekblad.
6:41 of 3rd period - Stopped by Marc-Andre Fleury without a rebound.
6:42 of 3rd period - Blake Coleman wins face-off versus Jordan Staal in Devils zone.
6:47 of 3rd period - Shot by Bobby Ryan.
6:47 of 3rd period - Shot Misses the Net.
6:59 of 3rd period - Shot by Anthony Beauvillier.
6:59 of 3rd period - Stopped by Marc-Andre Fleury without a rebound.
7:00 of 3rd period - Brayden Point wins face-off versus Nicklas Backstrom in Devils zone.
7:00 of 3rd period - Aaron Ekblad is hit by Shayne Gostisbehere and loses puck.
7:04 of 3rd period - Icing by Anton Stralman.
7:05 of 3rd period - Nicklas Backstrom wins face-off versus Brayden Point in Devils zone.
7:05 of 3rd period - Nicklas Backstrom is hit by Dustin Brown.
7:22 of 3rd period - Nicklas Backstrom is hit by Alex Pietrangelo and loses puck.
7:25 of 3rd period - Shot by Kevin Hayes.
7:25 of 3rd period - Stopped by Braden Holtby without a rebound.
7:26 of 3rd period - Jordan Staal wins face-off versus William Karlsson in Canucks zone.
7:27 of 3rd period - Shot by Pavel Zacha.
7:27 of 3rd period - Shot Misses the Net.
7:37 of 3rd period - Shot by William Karlsson.
7:37 of 3rd period - Stopped by Marc-Andre Fleury without a rebound.
7:38 of 3rd period - Nicklas Backstrom wins face-off versus Dustin Brown in Devils zone.
7:38 of 3rd period - Nicklas Backstrom is hit by Dustin Brown.
8:05 of 3rd period - Brayden Point is hit by Shayne Gostisbehere.
9:10 of 3rd period - Off-side.
9:11 of 3rd period - Blake Coleman wins face-off versus Bo Horvat in neutral zone.
9:16 of 3rd period - Shot by Blake Coleman.
9:16 of 3rd period - Stopped by Marc-Andre Fleury with a rebound.
9:18 of 3rd period - Shot by Brandon Montour.
9:18 of 3rd period - Shot Misses the Net.
9:20 of 3rd period - Shot by Blake Coleman.
9:20 of 3rd period - Shot Misses the Net.
9:26 of 3rd period - Shot by Anthony Beauvillier.
9:26 of 3rd period - Stopped by Marc-Andre Fleury without a rebound.
9:27 of 3rd period - Brayden Point wins face-off versus Jordan Staal in Devils zone.
10:06 of 3rd period - Shot by Dustin Brown.
10:06 of 3rd period - Shot Hit the Post.
10:19 of 3rd period - Icing by Alex Pietrangelo.
10:20 of 3rd period - Brayden Point wins face-off versus Bo Horvat in Canucks zone.
10:35 of 3rd period - Ryan OReilly is hit by Bo Horvat and loses puck.
10:39 of 3rd period - Icing by Charlie Coyle.
10:40 of 3rd period - William Karlsson wins face-off versus Darren Helm in Canucks zone.
11:02 of 3rd period - Icing by Erik Karlsson.
11:03 of 3rd period - William Karlsson wins face-off versus Nicklas Backstrom in Canucks zone.
11:33 of 3rd period - Shot by Nicklas Backstrom.
11:33 of 3rd period - Stopped by Braden Holtby without a rebound.
11:34 of 3rd period - Bo Horvat wins face-off versus Blake Coleman in Canucks zone.
12:06 of 3rd period - Icing by Aaron Ekblad.
12:07 of 3rd period - Blake Coleman wins face-off versus Nicklas Backstrom in Canucks zone.
12:07 of 3rd period - Alex Pietrangelo is hit by Nicklas Backstrom and loses puck.
12:15 of 3rd period - Alex Pietrangelo is hit by Steven Santini and loses puck.
12:39 of 3rd period - Minor Penalty to Chris Kreider for Hooking.
12:40 of 3rd period - Ryan OReilly wins face-off versus Kevin Hayes in Devils zone.
13:12 of 3rd period - Off-side.
13:13 of 3rd period - William Karlsson wins face-off versus Kevin Hayes in neutral zone.
14:08 of 3rd period - Shot by Tyson Barrie.
14:08 of 3rd period - Deflect By Dustin Brown.
14:08 of 3rd period - Stopped by Marc-Andre Fleury without a rebound.
14:09 of 3rd period - Ryan OReilly wins face-off versus Kevin Hayes in Devils zone.
14:10 of 3rd period - Shot by Erik Karlsson.
14:10 of 3rd period - Deflect By Ryan OReilly.
14:10 of 3rd period - Shot Misses the Net.
14:12 of 3rd period - Shot by Brayden Point.
14:12 of 3rd period - Stopped by Marc-Andre Fleury without a rebound.
14:13 of 3rd period - Ryan OReilly wins face-off versus Kevin Hayes in Devils zone.
14:22 of 3rd period - Shot by Dustin Brown.
14:22 of 3rd period - Shot Misses the Net.
15:06 of 3rd period - Darren Helm is hit by Brandon Montour and loses puck.
15:24 of 3rd period - Icing by Vince Dunn.
15:25 of 3rd period - Jared McCann wins face-off versus Nicklas Backstrom in Canucks zone.
15:55 of 3rd period - Kevin Hayes is hit by Brandon Montour and loses puck.
16:16 of 3rd period - Ryan OReilly is hit by Antoine Vermette and loses puck.
16:27 of 3rd period - Shot by Bo Horvat.
16:27 of 3rd period - Stopped by Braden Holtby with a rebound.
16:29 of 3rd period - Shot by Bo Horvat.
16:29 of 3rd period - Shot Misses the Net.
16:31 of 3rd period - Shot by Justin Schultz.
16:31 of 3rd period - Stopped by Braden Holtby without a rebound.
16:32 of 3rd period - Brayden Point wins face-off versus Jordan Staal in Canucks zone.
16:38 of 3rd period - Erik Karlsson is hit by Steven Santini and loses puck.
16:41 of 3rd period - Shot by Brayden Point.
16:41 of 3rd period - Shot Misses the Net.
16:43 of 3rd period - Shot by Dustin Brown.
16:43 of 3rd period - Stopped by Marc-Andre Fleury without a rebound.
16:44 of 3rd period - Bo Horvat wins face-off versus Blake Coleman in Devils zone.
16:44 of 3rd period - Bo Horvat is hit by Blake Coleman.
17:52 of 3rd period - Shot by Mike Hoffman.
17:52 of 3rd period - Stopped by Marc-Andre Fleury without a rebound.
17:53 of 3rd period - Dustin Brown wins face-off versus Nicklas Backstrom in Devils zone.
17:58 of 3rd period - Shot by Mike Hoffman.
17:58 of 3rd period - Shot Misses the Net.
18:10 of 3rd period - Shot by Nicklas Backstrom.
18:10 of 3rd period - Shot Blocked by Aaron Ekblad.
18:12 of 3rd period - Shot by Kevin Hayes.
18:12 of 3rd period - Stopped by Braden Holtby without a rebound.
18:13 of 3rd period - Jordan Staal wins face-off versus Blake Coleman in Canucks zone.
18:32 of 3rd period - Shot by Jordan Staal.
18:32 of 3rd period - Shot Blocked by Tyson Barrie.
19:58 of 3rd period - Shot by Charlie Coyle.
19:58 of 3rd period - Shot Blocked by Shayne Gostisbehere.
Goals for this period are 0 for Devils vs 1 for Canucks.
Shots for this period are 5 for Devils vs 13 for Canucks.